General information
- name: BNet
- type: Ladder 1vs1/FFA
- host: Battle.net
- saver: d3no.wc4yes
map: TurtleRock
- players: 2
- length: 19:02
- speed: Fast
- version: 1.26 W3XP
- replay type: Public
» download(54 KB)
Players
team 1 (loser)
brutalfilde (
purple | 56 APM | 1071 actions | 19:01)
3 Death Knight
2 Death Coil
1 Unholy Aura
2 Dreadlord
1 Sleep
1 Vampiric Aura
» actions
| Assign group hotkey | 20 | |
| Build / train | 64 | |
| Enter build submenu | 20 | |
| Enter hero's abilities submenu | 5 | |
| Give item / drop item | 1 | |
| Remove unit from queue | 21 | |
| Right click | 433 | |
| Select / deselect | 156 | |
| Select group hotkey | 303 | |
| Use ability | 48 | |
1071 total
» units
| Acolyte | 5 | |
| Ghoul | 5 | |
| Crypt Fiend | 10 | |
| Meatwagon | 9 | |
29 total
» upgrades
| Creature Attack | 1 | |
| Creature Carapace | 0 | |
| Exhume Corpses | 1 | |
2 total
» buildings
| Altar of Darkness | 1 | |
| Crypt | 1 | |
| Ziggurat | 9 | |
| Graveyard | 1 | |
| Tomb of Relics | 1 | |
| Halls of the Dead | 1 | |
| Slaughterhouse | 2 | |
| Sacrificial Pit | 1 | |
| Necropolis | 1 | |
18 total
» build order
00:10 Altar of Darkness
00:17 Crypt
00:21 Ziggurat
01:59 Ziggurat
02:14 Graveyard
03:35 Tomb of Relics
06:18 Ziggurat
06:18 Ziggurat
06:34 Halls of the Dead
08:40 Ziggurat
09:02 Slaughterhouse
09:06 Slaughterhouse
11:47 Ziggurat
11:47 Ziggurat
11:48 Ziggurat
13:15 Sacrificial Pit
15:08 Ziggurat
16:54 Necropolis
» items
| Potion of Mana | 1 | |
| Potion of Healing | 3 | |
4 total
team 2 (winner)
d3no.wc4yes (
orange | 67 APM | 1270 actions | 19:02)
4 Archmage
2 Blizzard
2 Brilliance Aura
5 Blood Mage
3 Flame Strike
2 Siphon Mana
» actions
| Assign group hotkey | 37 | |
| Basic commands | 44 | |
| Build / train | 105 | |
| ESC pressed | 1 | |
| Enter build submenu | 25 | |
| Enter hero's abilities submenu | 9 | |
| Give item / drop item | 8 | |
| Right click | 393 | |
| Select / deselect | 344 | |
| Select group hotkey | 150 | |
| Use ability | 153 | |
1270 total
» units
| Peasant | 27 | |
| Mortar Team | 3 | |
| Sorceress | 2 | |
32 total
» upgrades
| Masonry | 3 | |
| Lumber Harvesting | 2 | |
| Gunpowder | 3 | |
| Armor | 3 | |
| Sorceress Training | 2 | |
| Fragmentation Shards | 1 | |
| Flare | 1 | |
| Magic Sentry | 1 | |
16 total
» buildings
| Altar of Kings | 1 | |
| Farm | 8 | |
| Arcane Vault | 1 | |
| Lumber Mill | 2 | |
| Scout Tower | 17 | |
| Arcane Tower | 4 | |
| Guard Tower | 14 | |
| Town Hall | 1 | |
| Keep | 1 | |
| Blacksmith | 2 | |
| Arcane Sanctum | 1 | |
| Workshop | 2 | |
| Castle | 1 | |
55 total
» build order
00:04 Altar of Kings
00:29 Farm
00:31 Farm
00:42 Arcane Vault
00:56 Lumber Mill
01:13 Scout Tower
01:51 Farm
02:08 Arcane Tower
02:15 Farm
02:41 Scout Tower
02:42 Scout Tower
03:11 Guard Tower
03:28 Guard Tower
04:24 Town Hall
04:27 Lumber Mill
04:31 Scout Tower
04:32 Scout Tower
04:33 Scout Tower
04:34 Scout Tower
04:35 Scout Tower
04:36 Scout Tower
04:45 Scout Tower
04:46 Scout Tower
05:08 Guard Tower
05:22 Arcane Tower
05:31 Guard Tower
05:39 Guard Tower
05:39 Guard Tower
05:41 Guard Tower
06:15 Guard Tower
06:28 Guard Tower
06:30 Scout Tower
06:50 Guard Tower
07:00 Guard Tower
07:26 Keep
07:30 Guard Tower
07:33 Scout Tower
07:34 Scout Tower
07:35 Scout Tower
07:44 Farm
07:47 Farm
07:48 Farm
07:48 Farm
07:54 Blacksmith
07:55 Blacksmith
08:01 Scout Tower
08:02 Scout Tower
08:42 Guard Tower
08:44 Arcane Tower
09:00 Arcane Tower
09:01 Guard Tower
09:52 Arcane Sanctum
09:59 Workshop
10:00 Workshop
10:23 Castle
» items
| Scroll of Regeneration | 8 | |
| Lesser Clarity Potion | 4 | |
| Staff of Teleportation | 2 | |
| Mechanical Critter | 2 | |
| Potion of Healing | 4 | |
| Boots of Speed | 1 | |
| Periapt of Vitality | 1 | |
| Scroll of Town Portal | 2 | |
| Staff of Sanctuary | 1 | |
| Orb of Fire | 1 | |
26 total
Chat log
(00:34 / All) brutalfilde: from
(00:38 / All) brutalfilde: ???
(00:44 / All) d3no.wc4yes: ?
(00:45 / All) brutalfilde: ?
(01:04 / All) brutalfilde: my from brasil
(01:18 / All) brutalfilde: from
(01:24 / All) brutalfilde: ?
(01:30 / All) d3no.wc4yes: ?
(01:52 / All) brutalfilde: PAIS MY BRASIL